 Dungeon Crawl Stone Soup version 0.29-a0-359-g541a27f54d (webtiles) character file.

Game seed: 15018448140514470990

28 Iusername the Shield-Bearer (level 3, -5/33 HPs)
             Began as a Minotaur Fighter on Apr 27, 2022.
             Slain by a goblin
             ... wielding a +0 club
             ... led by Robin
              (6 damage)
             ... on level 2 of the Dungeon.
             The game lasted 00:00:53 (1115 turns).

Iusername the Shield-Bearer (Minotaur Fighter)      Turns: 1115, Time: 00:00:54

Health: -5/33      AC:  7    Str: 22    XL:     3   Next: 0%
Magic:  2/2        EV:  9    Int:  5    God:
Gold:   45         SH:  4    Dex:  9    Spells: 2/2 levels left

rFire   . . .      SeeInvis .   a - +0 long sword
rCold   . . .      Faith    .   c - +0 buckler
rNeg    . . .      Spirit   .   b - +0 scale mail
rPois   .          Reflect  .   (helmet restricted)
rElec   .          Harm     .   (no cloak)
rCorr   .          Rampage  .   (no gloves)
Will    .....                   (no boots)
Stlth   ..........              (no amulet)
HPRegen 0.11/turn               (no ring)
MPRegen 0.08/turn               (no ring)

@: mighty
A: horns 2, retaliatory headbutt
a: no special abilities


You were on level 2 of the Dungeon.
You visited 1 branch of the dungeon, and saw 2 of its levels.

You collected 45 gold pieces.

Inventory:

Hand Weapons
 a - a +0 long sword (weapon)
Armour
 b - a +0 scale mail (worn)
 c - a +0 buckler (worn)
Scrolls
 e - a scroll of teleportation {unknown}
 f - 2 scrolls of identify {unknown}
 g - a scroll of enchant weapon {unknown}
 i - a scroll of enchant armour {unknown}
 j - a scroll of noise {unknown}
Potions
 h - a potion of invisibility {unknown}
 k - a potion of degeneration {unknown}


   Skills:
 + Level 4.0 Fighting
 + Level 2.9 Long Blades
 + Level 4.0 Armour
 + Level 4.1 Shields


You had 2 spell levels left.
You didn't know any spells.
Your spell library was empty.

Dungeon Overview and Level Annotations

Branches:
Dungeon (2/15)

Altars:
Beogh

Annotations:
D:2 Robin


Innate Abilities, Weirdness & Mutations

You have a pair of horns on your head.
You reflexively headbutt those who attack you in melee.


Message History

The goblin hits you but does no damage. You block the goblin's attack.
A goblin comes into view. It is wielding a +0 club.
The goblin hits you but does no damage. The bat hits you but does no damage.
You feel very mighty all of a sudden. The bat hits you but does no damage.
The goblin hits you with a +0 dagger. The goblin hits you with a +0 club. x2
You slash the goblin!
You kill the goblin!
The bat barely misses you. The goblin hits you but does no damage.
The goblin hits you with a +0 club. The goblin hits you but does no damage.
The goblin hits you with a +0 club. Robin throws the goblin at you!
The goblin misses you.
Your Shields skill increases to level 4!
You hit the goblin.
You kill the goblin!
The goblin hits you but does no damage. The goblin hits you with a +0 club.
* * * LOW HITPOINT WARNING * * *
The goblin closely misses you.
You slash the hobgoblin!
You kill the hobgoblin!
The goblin hits you but does no damage. The goblin misses you.
The goblin barely misses you. You furiously retaliate!
You headbutt the goblin!
You kill the goblin!
You hit Robin but do no damage. The bat barely misses you.
You block the goblin's attack. x2
You slash the hobgoblin!
You kill the hobgoblin!
The bat barely misses you. You furiously retaliate!
You headbutt the bat!
You kill the bat!
You block the goblin's attack.
Robin hits you with a +4 dagger of protection.
* * * LOW HITPOINT WARNING * * *
The goblin hits you but does no damage.
You have reached level 3!
Your experience leads to an increase in your attributes!
Increase (S)trength, (I)ntelligence, or (D)exterity?
You feel stronger. x2
You completely miss the goblin. Robin throws the goblin at you!
The goblin hits you but does no damage. The goblin hits you with a +0 club.
You die...

... ..# # #.. #.# #.
#.. #.# ..>####g#
######.#### .......g#
#.........# .......g#
#.........#
.......g###.........#
.....wg@#...........#
......g.g...####....#
.......####.# #....#
####### #.####....#
#.........#
#.#######.# #.. #.#
### #.# #.#


You could see a worm, Robin, a hobgoblin (strong) and 5 goblins.

Vanquished Creatures
  A dart slug (D:2)
  5 goblins
  6 hobgoblins
  A kobold (D:1)
  2 ball pythons (D:1)
  4 bats
  2 frilled lizards (D:1)
  3 rats
24 creatures vanquished.

Vanquished Creatures (others)
  A plant (D:2)
1 creature vanquished.

Grand Total: 25 creatures vanquished

Notes
Turn   | Place    | Note
-------+----------+-------------------------------------------
     0 | D:1      | Iusername the Minotaur Fighter began the quest for the Orb.
     0 | D:1      | Reached XP level 1. HP: 19/19 MP: 0/0
   198 | D:1      | Reached XP level 2. HP: 21/27 MP: 1/1
   300 | D:1      | Found a faded altar of an unknown god.
  1107 | D:2      | Noticed Robin
  1114 | D:2      | HP: 1/27 [Robin/+4 dagger of protection (4)]
  1115 | D:2      | Reached XP level 3. HP: 1/33 MP: 2/2
  1115 | D:2      | Slain by a goblin

Illustrated notes

Levels and vault maps discovered:
D:1:      tarquinn_simple_flora_water_e, layout_basic,
          hellmonk_ecumenical_altar_defaced_shrine
D:2:      layout_basic, serial_bayou_pond_e, serial_bayou_pond_d,
          kennysheep_decorative_pillar, kennysheep_generic_room_12, uniq_robin

Skill      XL: |  1  2 |
---------------+-------+-----
Armour         | 4 |  4.0
Fighting       | 4 |  4.0
Shields        | 4 |  4.1
Long Blades    | |  2.9

Action                   || total
-------------------------++-------
Melee: Long sword        ||    45
       Headbutt          ||     5
  Use: Potion            ||     1
Armor: Scale mail        ||    24
Dodge: Dodged            ||    25
Block: Buckler           ||    16

Table legend: (Time is in decaauts)
 A = Elapsed time spent in this place.
 B = Non-inter-level travel time spent in this place.
 C = Inter-level travel time spent in this place.
 D = Time resting spent in this place.
 E = Time spent auto-exploring this place.
 F = Levels seen in this place.
 G = Mean time per level.
                   A        B        C        D        E       F      G
               +--------+--------+--------+--------+--------+-----+--------+
         Total |   1128 |   1128 |      0 |      0 |   1003 |   2 |  564.0 |
       Dungeon |   1128 |   1128 |      0 |      0 |   1003 |   2 |  564.0 |
               +--------+--------+--------+--------+--------+-----+--------+

Top non-repeatable levels by time:
     D:1: 993 daAuts
     D:2: 134 daAuts
